 Dungeon Crawl Stone Soup version 0.27-a0-1189-gb8eb6cee8e (webtiles) character file.

Game seed: 15514856019325693407

165 polve the Cutter (level 5, 0/36 (41) HPs)
             Began as a Demonspawn Fighter on May 22, 2021.
             Succumbed to a gnoll's poison
             ... on level 4 of the Dungeon.
             The game lasted 00:02:28 (4063 turns).

polve the Cutter (Demonspawn Fighter)               Turns: 4063, Time: 00:02:29

HP:   0/36 (41)     AC:  7    Str: 18    XL:     5   Next: 22%
MP:   5/5           EV:  7    Int:  9    God:
Gold: 146           SH:  9    Dex: 12    Spells: 4/4 levels left

rFire    . . .     SeeInvis .   b - +1 dagger (venom)
rCold    . . .     Faith    .   c - +0 kite shield
rNeg     . . .     Spirit   .   C - +0 scale mail
rPois    .         Reflect  .   (no helmet)
rElec    .         Harm     .   (no cloak)
rCorr    .         Rampage  .   (no gloves)
Will     .....                  u - +0 pair of boots
Stlth    ..........             (no amulet)
HPRegen  0.12/turn              (no ring)
MPRegen  0.09/turn              (no ring)

@: lethally poisoned (0 -> -19), heavily drained
A: spiny 1
a: no special abilities


You were on level 4 of the Dungeon.
You visited 1 branch of the dungeon, and saw 4 of its levels.

You collected 146 gold pieces.

Inventory:

Hand Weapons
 a - a +0 rapier
 b - a +1 dagger of venom (weapon)
Armour
 c - a +0 kite shield (worn)
 u - a +0 pair of boots (worn)
 C - a +0 scale mail (worn)
Jewellery
 w - a ring of resist corrosion
Wands
 v - a wand of mindburst (8)
Scrolls
 e - a scroll of teleportation {unknown}
 f - 3 scrolls of fear {unknown}
 g - a scroll of summoning {unknown}
 h - a scroll of magic mapping {unknown}
 j - a scroll of immolation {unknown}
 k - 4 scrolls of identify {unknown}
 l - a scroll of noise {unknown}
 m - a scroll of brand weapon {unknown}
 o - a scroll of enchant weapon {unknown}
 p - a scroll of torment {unknown}
 q - 2 scrolls of vulnerability {unknown}
 t - 2 scrolls of enchant armour {unknown}
Potions
 d - a potion of might
 i - a potion of attraction {unknown}
 n - a potion of curing {unknown}
 r - a potion of heal wounds {unknown}
 s - a potion of lignification {unknown}


   Skills:
 * Level 3.4 Fighting
 - Level 4.4 Short Blades
 + Level 2.9 Armour
 + Level 2.9 Shields


You had 4 spell levels left.
You didn't know any spells.
Your spell library contained the following spells:

 Spells                   Type           Power      Damage    Failure   Level
 Animate Skeleton         Necr           0%         N/A       99%         1
 Apportation              Tloc           0%         N/A       99%         1
 Corona                   Hex            0%         N/A       99%         1
 Summon Small Mammal      Summ           0%         N/A       99%         1
 Ensorcelled Hibernation  Hex/Ice        0%         N/A       100%        2
 Confusing Touch          Hex            0%         N/A       100%        3
 Dazzling Flash           Conj/Hex       0%         N/A       100%        3
 Gell's Gravitas          Tloc           0%         N/A       100%        3
 Tukima's Dance           Hex            0%         N/A       100%        3
 Petrify                  Tmut/Erth      0%         N/A       100%        4
 Metabolic Englaciation   Hex/Ice        0%         N/A       100%        5
 Yara's Violent Unravell  Hex/Tmut       0%         3d3       100%        5


Dungeon Overview and Level Annotations

Branches:
Dungeon (4/15)
 Temple: D:4-7

Altars:
Okawaru


Innate Abilities, Weirdness & Mutations

You are partially covered in sharp spines.


Message History

The gnoll is severely wounded.
The gnoll hits you from afar with a +0 spear.
You block the gnoll's attack.
You closely miss the gnoll.
The gnoll is severely wounded.
You kill the gnoll!
The gnoll hits you from afar with a +0 spear.
Found 17 gold pieces.
Your shield prevents you from hitting the gnoll shaman.
You block the gnoll's attack.
You hit the gnoll shaman.
The gnoll shaman is poisoned.
The gnoll shaman is lightly wounded.
The gnoll shaman hits you with a +0 whip.
The gnoll closely misses you.
The gnoll shaman hits you but does no damage.
You closely miss the gnoll shaman.
The gnoll shaman is moderately wounded.
The gnoll barely misses you.
The gnoll shaman is struck by your spines.
The gnoll shaman barely misses you.
You hit the gnoll shaman but do no damage.
The gnoll shaman is heavily wounded.
The gnoll hits you with a +0 whip. You block the gnoll shaman's attack.
You block the gnoll's attack.
The gnoll shaman calls upon its god to speed up the gnoll.
The gnoll seems to speed up.
The gnoll shaman prays to its god.
The gnoll shaman is healed somewhat.
The gnoll is struck by your spines. The gnoll hits you but does no damage.
You hit the gnoll but do no damage.
The gnoll is poisoned.
The gnoll is moderately wounded.
You block the gnoll's attack. x2; The gnoll hits you but does no damage.
The gnoll shaman utters an invocation to its god.
The gnoll shaman is healed somewhat.
The gnoll is struck by your spines.
The gnoll hits you with a +0 whip of venom!
The gnoll hits you with a +0 whip of venom!
* * * LOW HITPOINT WARNING * * *
You are lethally poisoned!
You die...

#....# #....## ####
##....## ##..####....#.
##.............
##.............. .
####...............
....##............####..
.......@.ggg....### #..
.........g..$..## ##.
##............## #.
#..#.......### ## ##
#...##### # ##### #


You could see a gnoll shaman (poisoned) and 3 gnolls.

Vanquished Creatures
  A gnoll (D:4)
  7 adders
  An ufetubus (D:4)
  A worm (D:2)
  3 dart slugs
  6 orcs (D:3)
  9 ball pythons
  2 bats (D:2)
  6 endoplasms
  3 giant cockroaches (D:1)
  10 goblins
  3 hobgoblins
  5 quokkas
  3 frilled lizards
  6 kobolds
  6 rats
72 creatures vanquished.

Notes
Turn   | Place    | Note
-------+----------+-------------------------------------------
     0 | D:1      | polve the Demonspawn Fighter began the quest for the Orb.
     0 | D:1      | Reached XP level 1. HP: 18/18 MP: 1/1
   195 | D:1      | Reached skill level 2 in Short Blades
   460 | D:1      | Gained mutation: You are partially covered in sharp spines.
                  | [demonic ancestry]
   460 | D:1      | Reached XP level 2. HP: 23/24 MP: 2/2
   589 | D:1      | Found a faded altar of an unknown god.
   850 | D:1      | Reached skill level 3 in Short Blades
  1379 | D:2      | Reached XP level 3. HP: 29/29 MP: 3/3
  2055 | D:2      | Reached skill level 4 in Short Blades
  2055 | D:2      | Reached XP level 4. HP: 24/35 MP: 4/4
  3556 | D:3      | Found an iron altar of Okawaru.
  3699 | D:3      | Reached XP level 5. HP: 35/41 MP: 5/5
  4063 | D:4      | Succumbed to a gnoll's poison

Illustrated notes

Levels and vault maps discovered:
D:1:      dpeg_arrival_oval, layout_loops_corners,
          ebering_ecumenical_altar_rust, minmay_split_cup_large
D:2:      layout_basic
D:3:      layout_basic, lemuel_coloured_pillars_altar, wad_orctagon
D:4:      layout_cave_pods, minmay_temple_entry_nine_rooms

Skill      XL: |  1  2  3 |
---------------+----------+-----
Short Blades   | 2 3 4 |  4.4
Fighting       | |  3.4
Armour         | |  2.9
Shields        | |  2.9

Action                   |  1- 3 |  4- 6 || total
-------------------------+-------+-------++-------
Melee: Rapier            |    91 |    21 ||   112
       Dagger            |       |    68 ||    68
Armor: Scale mail        |    23 |    31 ||    54
Dodge: Dodged            |    19 |    26 ||    45
Block: Kite shield       |    39 |    43 ||    82

Table legend: (Time is in decaauts)
 A = Elapsed time spent in this place.
 B = Non-inter-level travel time spent in this place.
 C = Inter-level travel time spent in this place.
 D = Time resting spent in this place.
 E = Time spent auto-exploring this place.
 F = Levels seen in this place.
 G = Mean time per level.
                   A        B        C        D        E       F      G
               +--------+--------+--------+--------+--------+-----+--------+
         Total |   4098 |   4013 |     85 |      0 |   3550 |   4 | 1024.5 |
       Dungeon |   4098 |   4013 |     85 |      0 |   3550 |   4 | 1024.5 |
               +--------+--------+--------+--------+--------+-----+--------+

Top non-repeatable levels by time:
     D:1: 1395 daAuts
     D:3: 1335 daAuts
     D:2: 1278 daAuts
     D:4: 89 daAuts
